 Dungeon Crawl Stone Soup version bcrawl-1.34.1 (webtiles) character file.

Game seed: 11126708348089273198

359862 Turgor the Frost Mage (level 10, 0/56 HPs)
             Began as a Fairy Ice Elementalist on Sept 10, 2021.
             Was a Priest of Sif Muna.
             Slain by a death ooze (25 damage)
             ... in a Gauntlet.
             The game lasted 01:12:42 (7082 turns).

Turgor the Frost Mage (Fairy Ice Elementalist)      Turns: 7082, Time: 01:12:42

Health: 0/56       AC: 10    Str:  6    XL:     10   Next: 62%
Magic:  22/25      EV: 18    Int: 20    God:    Sif Muna [***...]
Gold:   601        SH:  6    Dex: 15    Spells: 5/27 levels left

rFire    . . .     SeeInvis .   k - +2 dagger (venom)
rCold    . . .     Gourm    .   (shield restricted)
rNeg     . . .     Faith    .   (armour unavailable)
rPois    .         Spirit   .   (no helmet)
rElec    .         Reflect  .   (no cloak)
rCorr    .         Harm     .   (no gloves)
MR       +....     NoTele   +   (no boots)
Stlth    +.........             (no amulet)
HPRegen  0.18/turn              (no ring)
MPRegen  0.19/turn              (no ring)

@: icy armour (expiring), flying evasively, constricted
A: small, magic attunement, unstealthy, unfitting armour, able to fly, AC/SH +6
a: Stop Flying, Divine Energy, Channel Magic, Renounce Religion


You were in a Gauntlet.
You worshipped Sif Muna.
Sif Muna was most pleased with you.
You were not hungry.

You visited 3 branches of the dungeon, and saw 9 of its levels.
You also visited: Gauntlet.

You collected 601 gold pieces.

Inventory:

Hand Weapons
 k - a +2 dagger of venom (weapon)
 r - a +1 whip of flaming
 v - a +6 dagger of freezing
 y - a +0 blowgun
Missiles
 g - 146 poisoned needles
Wands
 s - a wand of polymorph (14)
 t - a wand of flame (9)
 B - a wand of iceblast (7)
Scrolls
 a - 2 scrolls of enchant weapon {unknown}
 c - a scroll of magic mapping {unknown}
 f - 2 scrolls of immolation {unknown}
 h - a scroll of teleportation {unknown}
 j - 4 scrolls of remove curse {unknown}
 l - a scroll of amnesia {unknown}
 x - a scroll of noise {unknown}
 A - a scroll of fog {unknown}
Potions
 b - a potion of flight {unknown}
 d - 7 potions of heal wounds
 m - 2 potions of might
 n - a potion of curing
 o - 2 potions of magic
 p - a potion of mutation {unknown}
 q - 2 potions of lignification {unknown}
 u - a potion of degeneration {unknown}
 w - a potion of ambrosia {unknown}
 z - 2 potions of brilliance {unknown}
Comestibles
 e - 16 rations {!d}


   Skills:
 + Level 7.5 Dodging
 - Level 1.5 Stealth
 * Level 9.4 Spellcasting
 * Level 9.0 Conjurations
 * Level 9.8 Ice Magic
 * Level 7.3 Air Magic


You had 5 spell levels left.
You knew the following spells:

 Your Spells              Type           Power        Failure   Level  Hunger
a - Freeze                Ice            #####.       1%          1    None
b - Throw Frost           Conj/Ice       #####.       1%          2    None
c - Ozocubu's Armour      Chrm/Ice       ####....     3%          3    None
d - Throw Icicle          Conj/Ice       #####...     1%          4    None
e - Mephitic Cloud        Conj/Pois/Air  ####....     2%          3    None
f - Magic Dart            Conj           ####         1%          1    None
g - Blink                 Tloc           N/A          11%         2    None
h - Ensorcelled Hibernat  Hex/Ice        ####..       1%          2    None
i - Summon Ice Beast      Ice/Summ       ####....     10%         4    None

Your spell library contained the following spells:

 Spells                   Type           Power        Failure   Level  Hunger
 Conjure Flame            Conj/Fire      ####....     3%          3    None
 Ice Form                 Ice/Tmut       ####....     10%         4    None
 Call Imp                 Summ           #.....       11%         2    None
 Beckoning                Tloc           #.........   22%         3    None
 Ignite Poison            Fire/Tmut/Pois #.......     22%         3    None
 Spider Form              Tmut/Pois      #..          22%         3    None
 Fireball                 Conj/Fire      ####......   32%         5    None
 Bolt of Magma            Conj/Fire/Erth ###.......   52%         5    None
 Force Lance              Tloc           #.......     58%         4    None
 Passage of Golubria      Tloc           N/A          90%         5    None
 Summon Forest            Summ/Tloc      #.........   90%         5    None
 Fire Storm               Conj/Fire      ####......   100%        9    None


Dungeon Overview and Level Annotations

Branches:
Dungeon (7/12)             Temple (1/1) D:5            Lair (1/6) D:7

Altars:
Dithmenos
Elyvilon
Fedhas
Kikubaaqudgha
Makhleb
Nemelex Xobeh
Sif Muna

Shops:
D:4 (

Annotations:
Gauntlet 9 transporters


Innate Abilities, Weirdness & Mutations

Your spells do not cause hunger and MP costs are reduced by 1.
Your bright wings attract enemies. (Stealth-)
You cannot fit into any form of body armour.
Your shimmering scales are hard and can block incoming attacks. (AC +6, SH +6)
You are small and have problems with some larger weapons.
You can fly continuously.


Message History

Here: a death ooze Unknown command.
Evoke which item? (* to show all) (? for menu, Esc to quit)
Aiming: Iceblast
Press: ? - help, Shift-Dir - straight line The mass of ice explodes!
The iceblast engulfs the death ooze!
The death ooze partially resists.
The death ooze is moderately damaged.
The iceblast engulfs the jelly!
The jelly is almost dead.
Your icy armour evaporates.
The death ooze misses you. The death ooze closely misses you.
The slime creature barely misses you. The death ooze misses you.
The death ooze grabs you.
Ouch! That really hurt!
The death ooze constricts you!!
Casting: Ozocubu's Armour (safe; 3% risk of failure)
Confirm with . or Enter, or press ? or * to list all spells.
A cloud of ice covers your body! The death ooze hits you!!
You die...

.........8⌠8.............8#
..........................#
########.....###########..#
....tb##.....#.........#..#
.....#b#.....#.#.#.#.#.#..#
#..t#hb#######?.#.#.#..#..#
.#.#..b#.....#.#.#J#.#.#..#
..#©...#©...©#©.#JJ.#..#©.#
.#.#...#.....#[#@#.#.#.#..#
#...#..#######[.#J#.#..#..#
.....#.#.....#.#.#.#.#.#..#
......##.....#.........#..#
########.....###########..#
..........................#
..........⌠.......∩......∩#
..........................#
########.....###########..#


You could see 2 slime creatures, a death ooze and a jelly.

Vanquished Creatures
  Pikel (D:5)
  Grinder (D:3)
  A hippogriff (Lair:1)
  Sigmund (D:2)
  A yak (D:7)
  Menkaure (D:5)
  Duvessa (D:4)
  6 porcupines
  An orc warrior (D:7)
  A sky beast (D:4)
  A slave (D:5)
  A black bear (D:7)
  2 ice beasts
  A phantom (D:5)
  A centaur (D:6)
  6 ogres
  3 bullfrogs
  2 big kobolds
  A wyvern skeleton (D:7)
  4 scorpions
  Dowan (D:4)
  3 killer bees (D:6)
  3 howler monkeys
  2 orc priests
  6 crimson imps
  5 hounds
  A quasit (D:5)
  A bullfrog zombie (D:7)
  3 jellies
  4 orc wizards
  A bullfrog skeleton (D:7)
  4 worker ants
  4 iguanas (D:6)
  A hound zombie (D:7)
  A hound skeleton (D:5)
  7 gnolls
  9 adders
  2 shadow imps
  2 oozes
  An adder zombie (D:5)
  3 adder skeletons
  2 dart slugs
  3 worms
  A leopard gecko (D:1)
  24 orcs
  3 giant cockroaches
  5 goblins
  6 hobgoblins
  17 jackals
  4 quokkas
  7 bats
  4 frilled lizards
  24 kobolds
  5 rats
206 creatures vanquished.

Vanquished Creatures (others)
  10 fungi (D:7)
  2 plants (D:7)
12 creatures vanquished.

Grand Total: 218 creatures vanquished

Notes
Turn   | Place    | Note
-------+----------+-------------------------------------------
     0 | D:1      | Turgor the Fairy Ice Elementalist began the quest for the
                  | Orb.
     0 | D:1      | Reached XP level 1. HP: 11/11 MP: 6/6
   100 | D:1      | Reached XP level 2. HP: 17/17 MP: 8/8
   110 | D:1      | Learned a level 2 spell: Throw Frost
   733 | D:1      | Reached XP level 3. HP: 21/21 MP: 9/9
   943 | D:2      | Noticed Sigmund
   951 | D:2      | Killed Sigmund
   952 | D:2      | Reached skill level 5 in Ice Magic
   952 | D:2      | Reached XP level 4. HP: 27/27 MP: 4/12
   952 | D:2      | Reached XP level 5. HP: 31/31 MP: 4/13
  1027 | D:2      | Learned a level 3 spell: Ozocubu's Armour
  1032 | D:2      | Learned a level 4 spell: Throw Icicle
  1488 | D:2      | Reached XP level 6. HP: 36/36 MP: 14/14
  1967 | D:3      | Learned a level 3 spell: Mephitic Cloud
  2030 | D:3      | Noticed Grinder
  2044 | D:3      | Paralysed by Grinder for 4 turns
  2112 | D:2      | Learned a level 1 spell: Magic Dart
  2182 | D:3      | Paralysed by Grinder for 4 turns
  2193 | D:3      | Killed Grinder
  2194 | D:3      | Reached skill level 5 in Spellcasting
  2194 | D:3      | Reached XP level 7. HP: 31/41 MP: 11/17
  2974 | D:4      | Reached skill level 5 in Conjurations
  3050 | D:4      | Found Haega's Antique Weapon Emporium.
  3066 | D:4      | Noticed Duvessa
  3066 | D:4      | Noticed Dowan
  3483 | D:4      | Killed Dowan
  3484 | D:4      | Reached skill level 1 in Air Magic
  3484 | D:4      | Killed Duvessa
  3485 | D:4      | Reached skill level 5 in Dodging
  3485 | D:4      | Reached XP level 8. HP: 46/46 MP: 3/19
  3874 | D:5      | Entered Level 5 of the Dungeon
  3946 | D:5      | Noticed Menkaure
  3950 | D:5      | Killed Menkaure
  4289 | D:5      | Found a shimmering blue altar of Sif Muna.
  4295 | D:5      | Became a worshipper of Sif Muna the Loreminder
  4383 | D:5      | Reached XP level 9. HP: 49/51 MP: 19/21
  4442 | D:5      | Found a shadowy altar of Dithmenos.
  4568 | D:5      | Found a staircase to the Ecumenical Temple.
  4804 | D:5      | Found a white marble altar of Elyvilon.
  4804 | D:5      | Noticed Pikel
  4812 | D:5      | Killed Pikel
  4813 | D:5      | Reached * piety under Sif Muna
  4903 | D:5      | Reached skill level 5 in Air Magic
  5038 | Temple   | Entered the Ecumenical Temple
  5168 | D:6      | Reached ** piety under Sif Muna
  5173 | D:6      | Learned a level 2 spell: Blink
  5209 | D:6      | Identified Sif Muna's Volume of the Traveller (Sif Muna
                  | gifted it to you on level 6 of the Dungeon)
  5209 | D:6      | Received a gift from Sif Muna
  5877 | D:7      | Reached XP level 10. HP: 56/56 MP: 20/24
  6056 | D:7      | Found a staircase to the Lair.
  6471 | D:7      | Reached *** piety under Sif Muna
  6475 | D:7      | Found a sparkling altar of Nemelex Xobeh.
  6777 | Lair:1   | Entered Level 1 of the Lair of Beasts
  6833 | Lair:1   | Found a gate leading to a gauntlet.
  6844 | Lair:1   | Identified Sif Muna's Papyrus of Frigorific Heat (Sif Muna
                  | gifted it to you on level 1 of the Lair of Beasts)
  6844 | Lair:1   | Received a gift from Sif Muna
  6848 | Lair:1   | Learned a level 2 spell: Ensorcelled Hibernation
  6853 | Lair:1   | Learned a level 4 spell: Summon Ice Beast
  6858 | Gauntlet | Entered a Gauntlet
  6858 | Gauntlet | Found a transporter.
  6858 | Gauntlet | Found a transporter.
  6862 | Gauntlet | Found a transporter.
  6862 | Gauntlet | Noticed a death ooze
  6868 | Gauntlet | Found a transporter.
  6868 | Gauntlet | Found a transporter.
  6868 | Gauntlet | Found a transporter.
  6892 | Gauntlet | Found a transporter.
  6892 | Gauntlet | Noticed a death scarab
  6896 | Gauntlet | Found a transporter.
  6918 | Gauntlet | Noticed a blizzard demon
  6923 | Gauntlet | Found a transporter.
  6937 | Gauntlet | Found a transporter.
  6937 | Gauntlet | Noticed a fire crab
  7022 | Gauntlet | Noticed a cane toad
  7082 | Gauntlet | Slain by a death ooze

Skill      XL: |  1  2  3  4  5  6  7  8  9 10 |
---------------+-------------------------------+-----
Spellcasting   | 3 4 5 6 7 8 9 |  9.4
Ice Magic      | 4 5 6 7 9 |  9.8
Dodging        | 3 4 5 6 7 |  7.5
Conjurations   | 3 4 5 6 8 9 |  9.0
Air Magic      | 1 4 6 7 |  7.3
Stealth        | |  1.5

Action                   |  1- 3 |  4- 6 |  7- 9 | 10-12 || total
-------------------------+-------+-------+-------+-------++-------
Melee: Dagger            |     1 |     5 |     2 |       ||     8
 Fire: Blowgun           |       |       |       |     4 ||     4
 Cast: Freeze            |    37 |    48 |   109 |    41 ||   235
       Throw Frost       |     5 |    23 |    87 |    28 ||   143
       Magic Dart        |       |    10 |    71 |    36 ||   117
       Throw Icicle      |       |     2 |    21 |    16 ||    39
       Ozocubu's Armour  |       |     1 |       |     3 ||     4
       Mephitic Cloud    |       |       |     9 |     6 ||    15
Evoke: Wand              |     1 |       |     5 |     1 ||     7
  Use: Scroll            |       |       |     3 |     1 ||     4
  Eat: Chunk             |       |     4 |    14 |     4 ||    22
       Ration            |       |       |       |     1 ||     1
Armor: Skin              |     4 |     6 |    24 |     4 ||    38
Dodge: Dodged            |    19 |    35 |    82 |    27 ||   163
Block: Other             |     2 |     3 |    19 |    19 ||    43
